 Seeded DCSS version 0.29-a0-872-g797fff5ad1 (webtiles) character file.

Game seed: 8897551386731462229 (custom seed)

5023 wilfster70 the Markskobold (level 10, -3/59 HPs)
             Began as a Kobold Arcane Marksman on July 18, 2022.
             Was a Priest of Uskayaw.
             Slain by a sun demon (12 damage)
             ... summoned by an orc high priest
             ... in a bailey.
             The game lasted 00:17:52 (8043 turns).

wilfster70 the Markskobold (Kobold Arcane Marksman) Turns: 8043, Time: 00:17:52

Health: -3/59      AC: 13    Str:  4    XL:     10   Next: 84%
Magic:  18/18      EV: 15    Int: 17    God:    Uskayaw [***...]
Gold:   578        SH:  0    Dex: 16    Spells: 12/20 levels left

rFire   . . .      SeeInvis .   b - +9 shortbow of Incongruity {freeze, +Blink rN+ Str-5}
rCold   . . .      Faith    .   (shield currently unavailable)
rNeg    + . .      Spirit   .   c - +0 robe
rPois   .          Reflect  .   (no helmet)
rElec   .          Harm     .   Q - +0 cloak
rCorr   .          Rampage  .   g - +2 pair of gloves
Will    .....                   f - +2 pair of boots {Fly}
Stlth   ++........              r - amulet of the acrobat
HPRegen 0.19/turn               n - +4 ring of protection
MPRegen 0.16/turn               (no ring)

@: flying
A: small, no large weapons, nightstalker 3
a: Renounce Religion, Evoke Blink, Stomp, Line Pass


You were in a bailey.
You worshipped Uskayaw.
Uskayaw was noncommittal.
You visited 2 branches of the dungeon, and saw 9 of its levels.
You also visited: Ossuary and Bailey.

You collected 578 gold pieces.

Inventory:

Hand Weapons
 a - a +0 sling
 b - the +9 shortbow of Incongruity (weapon) {freeze, +Blink rN+ Str-5}
   (You acquired it on level 2 of the Dungeon)

   Any ammunition fired from it freezes those it strikes, dealing additional
   cold damage.
   It can also slow down cold-blooded creatures.
   Str:       It affects your strength (-5).
   rN:        It protects you from negative energy.
   +Blink:    It lets you blink.
 i - a +0 dagger of holy wrath
 w - a +3 war axe
 G - a +2 broad axe of electrocution
Missiles
 t - 33 poisoned darts
Armour
 c - a +0 robe (worn)
 f - a +2 pair of boots of flying (worn)
 g - a +2 pair of gloves (worn)
 Q - a +0 cloak (worn)
Jewellery
 n - a +4 ring of protection (left hand)
 r - an amulet of the acrobat (around neck)
 u - a ring of fire
Wands
 y - a wand of charming (10)
 D - a wand of roots (2)
 F - a wand of light (10)
 H - a wand of flame (17)
 K - a wand of mindburst (11)
 N - a wand of digging (5)
Scrolls
 e - 2 scrolls of vulnerability
 j - 2 scrolls of poison
 k - 3 scrolls of magic mapping {unknown}
 l - 4 scrolls of noise {unknown}
 m - 5 scrolls of identify {unknown}
 o - 7 scrolls of teleportation {unknown}
 p - 3 scrolls of amnesia {unknown}
 q - 6 scrolls of blinking {unknown}
 s - a scroll of enchant weapon {unknown}
 x - a scroll of brand weapon {unknown}
 A - a scroll of fog {unknown}
 B - a scroll of torment {unknown}
 C - a scroll of silence {unknown}
 L - a scroll of fear {unknown}
 O - a scroll of immolation {unknown}
 T - 2 scrolls of acquirement
Potions
 d - 10 potions of curing
 h - a potion of brilliance {unknown}
 v - 2 potions of flight {unknown}
 z - 3 potions of mutation {unknown}
 E - 4 potions of resistance {unknown}
 I - a potion of invisibility {unknown}
 J - a potion of heal wounds {unknown}
 M - a potion of lignification {unknown}
 P - 3 potions of haste {unknown}
 R - a potion of attraction {unknown}
 S - a potion of magic {unknown}


   Skills:
 - Level 5.0 Fighting
 - Level 16.0 Ranged Weapons
 - Level 2.4 Dodging
 + Level 5.6 Spellcasting
 - Level 6.0 Hexes


You had 12 spell levels left.
You knew the following spells:

 Your Spells              Type           Power      Damage    Failure   Level
a - Slow                  Hex            100%       N/A       1%          1
b - Portal Projectile     Hex/Tloc       30%        N/A       12%         3
c - Cause Fear            Hex            12%        N/A       12%         4

Your spell library contained the following spells:

 Spells                   Type           Power      Damage    Failure   Level
 Ensorcelled Hibernation  Hex/Ice        30%        N/A       6%          2
 Inner Flame              Hex/Fire       15%        N/A       12%         3
 Apportation              Tloc           8%         N/A       14%         1
 Necrotise                Necr           16%        1d4       14%         1
 Summon Small Mammal      Summ           16%        N/A       14%         1
 Passwall                 Tmut/Erth      3%         N/A       21%         2
 Swiftness                Air            4%         N/A       38%         3


Dungeon Overview and Level Annotations

Branches:
Dungeon (8/15)             Temple (1/1) D:7         Ossuary (visited)
 Bailey (1/1)
   Lair: D:8-11

Altars:
Ashenzari
Cheibriados
Elyvilon
Fedhas
Gozag
Hepliaklqana
Kikubaaqudgha
Makhleb
Qazlal
Ru
Sif Muna
Trog
Uskayaw
Wu Jian
Xom
Yredelemnul
Zin
The Shining One

Annotations:
D:4 2 transporters, Shym's ghost, novice GrEE


Innate Abilities, Weirdness & Mutations

You are small and have problems with some larger weapons.
You are completely attuned to the shadows.


Message History

The orc high priest mumbles some strange prayers to Beogh.
The hellwing closely misses you. The hellwing hits you. The sun demon hits you!
You are engulfed in flames!
Fire: b) +9 shortbow of Incongruity {freeze, +Blink rN+ Str-5}
Press: ? - help, Q - select action, (/) - cycle Shift-Dir - straight line, f/p - orc high priest
Aim: an orc high priest, wielding a +0 war axe and wearing a +0 scale mail (lightly wounded, 73% to hit)
You shoot an arrow. The arrow hits the orc high priest!
The arrow freezes the orc high priest.
The orc high priest is moderately wounded.
The orc high priest calls down the wrath of Beogh upon you.
Beogh smites you! The hellwing misses you.
The hellwing hits you but does no damage.
You hear a shout!
Uskayaw will force your foes to helplessly watch your dance.
Uskayaw prepares the audience for your solo!
Fire: b) +9 shortbow of Incongruity {freeze, +Blink rN+ Str-5}
Press: ? - help, Q - select action, (/) - cycle Shift-Dir - straight line, f/p - orc high priest
Aim: an orc high priest, wielding a +0 war axe and wearing a +0 scale mail (moderately wounded, paralysed, 98% to hit)
You shoot an arrow. The arrow hits the orc high priest.
The arrow freezes the orc high priest.
The orc high priest is moderately wounded.
The orc high priest is no longer paralysed.
The hellwing disappears in a puff of smoke!
Fire: b) +9 shortbow of Incongruity {freeze, +Blink rN+ Str-5}
Press: ? - help, Q - select action, (/) - cycle Shift-Dir - straight line, f/p - orc high priest
Aim: an orc high priest, wielding a +0 war axe and wearing a +0 scale mail (moderately wounded, 73% to hit)
You shoot an arrow. The arrow hits the orc high priest.
The arrow freezes the orc high priest.
The orc high priest is moderately wounded.
The orc warrior is no longer paralysed.
The sun demon is no longer paralysed.
The sun demon hits you but does no damage.
Fire: b) +9 shortbow of Incongruity {freeze, +Blink rN+ Str-5}
Press: ? - help, Shift-Dir - straight line, f/p - orc high priest
Aim: an orc high priest, wielding a +0 war axe and wearing a +0 scale mail (moderately wounded, 73% to hit)
You shoot an arrow.
The arrow closely misses the orc high priest.
The sun demon hits you!
* * * LOW HITPOINT WARNING * * *
You are engulfed in flames!
You die...

#############################
#≈≈≈≈≈≈≈≈≈≈≈≈≈≈≈≈≈≈≈≈≈≈≈≈≈≈≈≈
#≈≈≈≈≈≈≈≈≈≈≈@3≈≈≈≈≈≈≈≈≈≈≈≈≈≈≈
#≈≈≈≈≈≈≈≈≈≈§≈§≈≈≈≈≈≈≈≈≈≈≈≈≈≈≈
#≈≈≈≈≈≈≈≈≈≈≈≈≈≈≈≈≈≈≈≈≈≈≈≈≈≈≈≈
#≈≈≈≈≈≈≈≈≈≈≈≈≈≈≈≈≈≈≈≈≈≈≈≈≈≈≈≈
#≈≈≈≈≈≈≈≈######oo≈≈≈≈≈≈≈≈≈###
#≈≈≈≈≈≈≈≈# +........∩......
#≈≈≈≈≈≈≈≈###..######.
#≈≈≈≈≈≈≈≈#....#??.#
#≈≈≈≈≈≈≈≈#....#??.#


You could see an orc high priest, a sun demon (summoned) and an orc warrior.

Vanquished Creatures
  Amaemon (D:8)
  Pikel (D:5)
  The ghost of Protee the Grave Robber, a novice DsNe (D:7)
  An orange demon (D:8)
  Menkaure (D:7)
  3 orc warriors (Bailey)
  A sky beast (D:7)
  3 ice beasts (D:6)
  2 black bears
  2 ogres
  A phantom (D:6)
  A centaur (D:6)
  An elf zombie (Ossuary)
  Blork the orc (D:5)
  3 kobold brigands
  A bullfrog (D:7)
  2 scorpions
  A necrophage (D:7)
  5 wights (D:7)
  5 killer bees (D:8)
  4 electric eels (Bailey)
  3 centaur zombies (Ossuary)
  4 orc priests
  3 hounds
  Crazy Yiuf (D:6)
  2 human zombies (Ossuary)
  2 iguanas
  4 orc wizards
  2 killer bee zombies (D:7)
  2 mummies (Ossuary)
  12 adders
  8 gnolls
  A shadow imp (D:7)
  2 white imps (D:5)
  An adder zombie (Ossuary)
  3 worms
  2 dart slugs
  33 orcs
  4 bats
  10 endoplasms
  4 giant cockroaches
  7 goblins
  6 hobgoblins
  4 jackals (D:1)
  25 kobolds
  8 ball pythons
  7 frilled lizards
  3 goblin zombies (Ossuary)
  7 hobgoblin zombies (Ossuary)
  8 kobold zombies (Ossuary)
  10 orc zombies (Ossuary)
  A rat (D:3)
  A rat zombie (Ossuary)
231 creatures vanquished.

Notes
Turn   | Place    | Note
-------+----------+-------------------------------------------
     0 | D:1      | wilfster70 the Kobold Arcane Marksman began the quest for
                  | the Orb.
     0 | D:1      | Reached XP level 1. HP: 12/12 MP: 2/2
    81 | D:1      | Reached skill level 3 in Ranged Weapons
   100 | D:1      | Reached XP level 2. HP: 4/16 MP: 1/3
   426 | D:1      | Identified a scroll of acquirement
   426 | D:1      | Acquired a +2 pair of boots of flying
   769 | D:1      | Reached XP level 3. HP: 21/21 MP: 4/4
   978 | D:2      | Reached skill level 4 in Ranged Weapons
  1013 | D:2      | Acquired the +9 shortbow of Incongruity {freeze, +Blink rN+
                  | Str-5}
  1251 | D:2      | Reached XP level 4. HP: 26/26 MP: 5/5
  1396 | D:2      | Reached skill level 5 in Ranged Weapons
  1563 | D:2      | Found a faded altar of an unknown god.
  1901 | D:3      | Reached XP level 5. HP: 32/32 MP: 6/6
  2205 | D:3      | Reached skill level 6 in Ranged Weapons
  2218 | D:3      | Found a bloodstained altar of Trog.
  2248 | D:3      | Reached XP level 6. HP: 37/37 MP: 7/7
  2351 | D:3      | Reached skill level 7 in Ranged Weapons
  2578 | D:3      | Found a shimmering altar of Xom.
  2996 | D:4      | Found a transporter.
  2997 | D:4      | Noticed Shym's ghost (novice GrEE)
  3002 | D:4      | Found a transporter.
  3045 | D:4      | Found an ancient bone altar of Kikubaaqudgha.
  3082 | D:4      | Found an opulent altar of Gozag.
  3217 | D:4      | Found a hazy altar of Hepliaklqana.
  3402 | D:4      | Reached XP level 7. HP: 43/43 MP: 8/8
  3418 | D:4      | Found a blossoming altar of Fedhas.
  3418 | D:4      | Found a snail-covered altar of Cheibriados.
  3532 | D:4      | Found a burning altar of Makhleb.
  3625 | D:5      | Entered Level 5 of the Dungeon
  3651 | D:4      | Reached skill level 8 in Ranged Weapons
  4064 | D:5      | Noticed Blork the orc
  4068 | D:5      | Killed Blork the orc
  4069 | D:5      | Reached skill level 5 in Fighting
  4106 | D:5      | Reached skill level 9 in Ranged Weapons
  4201 | D:5      | Noticed Pikel
  4216 | D:5      | Killed Pikel
  4217 | D:5      | Reached skill level 11 in Ranged Weapons
  4217 | D:5      | Reached XP level 8. HP: 49/49 MP: 9/9
  4689 | D:6      | Reached skill level 12 in Ranged Weapons
  4692 | D:6      | Reached XP level 9. HP: 46/54 MP: 10/10
  4710 | D:6      | Found a glowing golden altar of the Shining One.
  4729 | D:6      | Found a sacrificial altar of Ru.
  4753 | D:6      | Reached skill level 13 in Ranged Weapons
  5487 | D:6      | Reached skill level 14 in Ranged Weapons
  5942 | D:6      | Found a runed translucent door.
  5945 | D:6      | Noticed Crazy Yiuf
  5948 | D:6      | Killed Crazy Yiuf
  6006 | D:7      | Noticed Menkaure
  6013 | D:7      | Killed Menkaure
  6028 | D:7      | Found a sand-covered staircase.
  6039 | Ossuary  | Entered an ossuary
  6278 | Ossuary  | Reached skill level 15 in Ranged Weapons
  6516 | D:7      | Found a staircase to the Ecumenical Temple.
  6525 | Temple   | Entered the Ecumenical Temple
  6599 | Temple   | Became a worshipper of Uskayaw the Reveller
  6665 | D:7      | Reached * piety under Uskayaw
  6812 | D:7      | Reached ** piety under Uskayaw
  6814 | D:7      | Reached XP level 10. HP: 29/59 MP: 11/11
  7054 | D:7      | Reached *** piety under Uskayaw
  7214 | D:7      | Reached skill level 16 in Ranged Weapons
  7224 | D:7      | Reached **** piety under Uskayaw
  7229 | D:7      | Reached ***** piety under Uskayaw
  7420 | D:7      | Found a runed translucent gate.
  7421 | D:7      | Found a runed translucent gate.
  7421 | D:7      | Noticed Protee's ghost (novice DsNe)
  7422 | D:7      | Found a runed translucent gate.
  7423 | D:7      | Found a basalt altar of Yredelemnul.
  7449 | D:7      | Killed Protee's ghost
  7466 | D:7      | Learned a level 3 spell: Portal Projectile
  7471 | D:7      | Learned a level 4 spell: Cause Fear
  7606 | D:8      | Found a flagged portal.
  7614 | D:8      | Noticed Amaemon
  7620 | D:8      | Noticed an orange demon
  7623 | D:8      | Killed Amaemon
  7624 | D:8      | Reached skill level 5 in Hexes
  7627 | D:8      | Killed an orange demon
  7640 | Bailey   | Entered a bailey
  7698 | Bailey   | Reached skill level 5 in Spellcasting
  8020 | Bailey   | Noticed an orc high priest
  8035 | Bailey   | Noticed a sun demon
  8043 | Bailey   | Slain by a sun demon

Illustrated notes

Levels and vault maps discovered:
D:1:      lemuel_arrival_behind_the_door_large, layout_basic, minivault_24,
          dreamdust_wishing_well, moated_statue, minmay_hedge_maze
D:2:      layout_basic, dreamdust_ecumenical_altar_grove, eino_tiny_chamber,
          minmay_joined_circles
D:3:      layout_loops_ring, bloody_trog, mainiacjoe_overflow_tiny_flanked,
          minmay_fractal_squares_gapless_5
D:4:      layout_basic, bloody_makhleb, lemuel_crystal_altar,
          gammafunk_temple_overflow_pools, grunt_temple_overflow_open,
          gammafunk_ghost_mausoleum
D:5:      layout_cave_pools, minmay_misc_feat_x, uniq_blork_the_orc, uniq_pikel
D:6:      layout_basic, mainiacjoe_overflow_catch_the_wave,
          minmay_misc_feat_pillars, minivault_24, uniq_crazy_yiuf_cottage
D:7:      layout_rooms, nicolae_yredelemnul_ghost_church,
          minmay_temple_entry_ruins, chequers_ossuary_entry_cave,
          corexii_corridor_pit, uniq_menkaure
D:8:      layout_loops_cross, enter_bailey_5, uniq_amaemon
Temple:   hellmonk_temple_beads
Bailey:   bailey_axe_of_yendor_kennysheep, bailey

Skill      XL: |  1  2  3  4  5  6  7  8  9 10 |
---------------+-------------------------------+-----
Ranged Weapons | 3 4 5 6 7 11 12 15 16 | 16.0
Fighting       | 2 3 4 5 |  5.0
Spellcasting   | 5 |  5.6
Hexes          | 6 |  6.0
Dodging        | |  2.4

Action                   |  1- 3 |  4- 6 |  7- 9 | 10-12 || total
-------------------------+-------+-------+-------+-------++-------
 Fire: Sling             |    51 |       |       |       ||    51
       Shortbow          |     9 |   107 |   266 |   122 ||   504
 Cast: Slow              |     2 |       |       |       ||     2
Evoke: Wand              |       |       |       |     1 ||     1
  Use: Scroll            |     2 |       |     3 |       ||     5
Armor: Robe              |     4 |     9 |    63 |    15 ||    91
Dodge: Dodged            |    27 |    24 |   189 |    35 ||   275

Table legend: (Time is in decaauts)
 A = Elapsed time spent in this place.
 B = Non-inter-level travel time spent in this place.
 C = Inter-level travel time spent in this place.
 D = Time resting spent in this place.
 E = Time spent auto-exploring this place.
 F = Levels seen in this place.
 G = Mean time per level.
                   A        B        C        D        E       F      G
               +--------+--------+--------+--------+--------+-----+--------+
         Total |   8007 |   7833 |    174 |   1199 |   4220 |  11 |  727.9 |
       Dungeon |   7056 |   6942 |    114 |    990 |   4041 |   8 |  882.0 |
        Temple |    134 |     74 |     60 |      0 |     16 |   1 |  134.0 |
       Ossuary |    426 |    426 |      0 |     96 |    137 |   1 |  426.0 |
        Bailey |    389 |    389 |      0 |    113 |     26 |   1 |  389.0 |
               +--------+--------+--------+--------+--------+-----+--------+

Top non-repeatable levels by time:
     D:6: 1312 daAuts
     D:3: 1042 daAuts
     D:4: 1007 daAuts
     D:1: 960 daAuts
     D:7: 956 daAuts
     D:2: 936 daAuts
     D:5: 766 daAuts
 Ossuary: 426 daAuts
  Bailey: 389 daAuts
  Temple: 134 daAuts
     D:8: 72 daAuts
